[Event "*** Titled Tuesday 3|2 Blitz"]
[Site "Chess.com"]
[Date "2015.12.01"]
[Round "4"]
[White "BakaPG"]
[Black "VMikhalevski"]
[Result "0-1"]
[WhiteElo "2477"]
[BlackElo "2504"]
[TimeControl "180+2"]
[EndTime "11:49:55 PST"]
[Termination "VMikhalevski won by resignation"]

1. e4 e5 2. Nf3 Nc6 3. Bb5 a6 4. Ba4 Nf6 5. O-O Nxe4 6. d4 b5 7. Bb3 d5 8. dxe5 Be6 9. Nbd2 Nc5 10. c3 Be7 11. Bc2 Bg4 12. h3 Bh5 13. Re1 O-O 14.
Nb3 Ne6 15. Bf5 a5 16. a4 bxa4 17. Rxa4 Bg6 18. g4 Re8 19. Be3 Qd7 20. Nbd4 Bxf5 21. Nxf5 Bf8 22. Qc2 g6 23. Nh6+ Bxh6 24. Bxh6 Rab8 25.
Raa1 Ne7 26. Rad1 c5 27. Ng5 Qb5 28. Nxe6 fxe6 29. Rd2 Qc4 30. Bg5 Nc6 31. Bf6 Rb3 32. Qc1 Qf4 33. Re3 Reb8 34. Kg2 a4 35. Qe1 Rxb2 36.
Rxb2 Rxb2 37. Qa1 Qxf2+ 0-1

[Event "*** Titled Tuesday 3|2 Blitz"]
[Site "Chess.com"]
[Date "2015.12.01"]
[Round "4"]
[White "FabianEnglert"]
[Black "AdrianaNikolova"]
[Result "1-0"]
[WhiteElo "2308"]
[BlackElo "2238"]
[TimeControl "180+2"]
[EndTime "11:49:58 PST"]
[Termination "FabianEnglert won by resignation"]

1. Nf3 Nf6 2. g3 c6 3. Bg2 d6 4. d4 Qc7 5. O-O e5 6. b3 Be7 7.
Bb2 e4 8. Ne1 d5 9. c4 O-O 10.
Nc3 Be6 11. Rc1 Qa5 12. cxd5 cxd5 13. Nc2 Nc6 14. Ne3 Ba3 15. Bxa3 Qxa3 16. Qd2 Qb4 17. Rfd1 Rfd8 18. Na4 Qxd2 19. Rxd2 Nd7 20. f3 f5 21. Bh3 exf3 22. exf3 g6 23. Bf1 a6 24. Ng2 Re8 25. Nf4 Bf7 26. Kf2 Re7 27. Nc5 Nxc5 28.
Rxc5 Rd7 29. a3 g5 30. Nd3 Nxd4 31. Ne5 Nxb3 32. Nxd7 Nxd2 33. Bd3 f4 34. Nf6+ Kg7 35. Nxh7 fxg3+ 36. hxg3 Nc4 37. Nxg5 Kf6 38. Nxf7 Kxf7 39. Rxd5 Nxa3 40. Rd7+ Kf6 41. Rxb7 a5 42. Rb3 1-0

[Event "*** Titled Tuesday 3|2 Blitz"]
[Site "Chess.com"]
[Date "2015.12.01"]
[Round "4"]
[White "stefanodinn"]
[Black "UltimateCrusher2"]
[Result "0-1"]
[WhiteElo "2133"]
[BlackElo "2029"]
[TimeControl "180+2"]
[EndTime "11:50:06 PST"]
[Termination "UltimateCrusher2 won on time"]

1. e4 b6 2. d4 Bb7 3. Bd3 e6 4. Nf3 Nf6 5. Qe2 d5 6. e5 Nfd7 7. O-O c5 8. c3 Nc6 9. Bg5 Be7 10. Bxe7 Qxe7 11. a3 a5 12. Nbd2 O-O 13. Rfe1 Ndb8 14.
Qe3 Ba6 15. Bc2 Nd7 16. Qf4 Rac8 17. Rac1 cxd4 18. cxd4 f6 19. exf6 Rxf6 20. Qh4 g6 21. Bb1 Kg7 22. Qg3 Bb7 23. h4 Rcf8 24. h5 Qf7 25.
hxg6 hxg6 26. Ng5 Qe7 27. Ndf3 Qe8 28. Qh3 Rh8 29. Nxe6+ Kg8 30. Qg4 Qf7 31. Neg5 Qg7 32. Re8+ Nf8 33. Qg3 Qh6 34. Nh2 Nxd4 35. Rce1 Nf5 36.
Bxf5 Rxf5 37. R1e7 Rxg5 38. Qf4 Bc6 39. Rf7 Bxe8 0-1

[Event "*** Titled Tuesday 3|2 Blitz"]
[Site "Chess.com"]
[Date "2015.12.01"]
[Round "4"]
[White "Tirantes"]
[Black "stepanosinovsky"]
[Result "0-1"]
[WhiteElo "2198"]
[BlackElo "2208"]
[TimeControl "180+2"]
[EndTime "11:50:19 PST"]
[Termination "stepanosinovsky won on time"]

1. Nf3 b6 2. e4 Bb7 3. d3 e6 4. g3 d5 5. Nbd2 dxe4 6. Nxe4 Nf6 7. Nxf6+ gxf6 8. Bg2 Nc6 9. O-O Qd7 10. a4 O-O-O 11.
a5 Nxa5 12. Bd2 Nc6 13. Bc3 Be7 14. Re1 h5 15. b4 h4 16. b5 hxg3 17. hxg3 Na5 18. Bxa5 bxa5 19. Rxa5 Bc5 20. Qa1 Qd6 21. Rxa7 Qxg3 22. d4 Qxg2+ 23. Kxg2 Rdg8+ 24. Kf1 Bxf3 25. Ra8+ Kd7 26. Rxg8 Rxg8 27. Re3 Rh8 28. Rxf3 Rh1+ 29. Ke2 Rxa1 30. dxc5 f5 31. Kd3 Rb1 32. Kc4 Rb2 33.
Rd3+ Kc8 34. Rd2 Rb1 35. c6 Kb8 36. Rd7 Rf1 37. Rd8+ Ka7 38. Rb8 Rxf2 39. Rc8 Kb6 40. Rxc7 Kxc7 41. c3 Kb6 0-1

[Event "*** Titled Tuesday 3|2 Blitz"]
[Site "Chess.com"]
[Date "2015.12.01"]
[Round "4"]
[White "swayamsm"]
[Black "Krutoy123"]
[Result "1-0"]
[WhiteElo "2422"]
[BlackElo "2333"]
[TimeControl "180+2"]
[EndTime "11:50:21 PST"]
[Termination "swayamsm won on time"]

1. d4 Nf6 2. c4 e6 3. Nc3 Bb4 4. e3 O-O 5. Ne2 d5 6. a3 Be7 7. cxd5 exd5 8. h3 c6 9. g4 Ne8 10. Bg2 Nd6 11. O-O h5 12. gxh5 Bf5 13. Ng3 Bh7 14.
e4 dxe4 15. Ncxe4 Nxe4 16. Nxe4 Nd7 17. h6 g6 18. Bf4 Nb6 19. Be5 Nd5 20. Bg7 Re8 21.
Re1 Nf4 22. Qf3 Nh5 23. Be5 Qd7 24. Rad1 Rad8 25. Bf1 b5 26. a4 a6 27. Rc1 Qd5 28. Bg2 Qe6 29. h4 Qf5 30. Rxc6 f6 31. Qb3+ Kh8 32.
Bh3 bxa4 33. Qe3 fxe5 34. Bxf5 gxf5 35. Ng5 Bxg5 36. hxg5 Nf4 37. dxe5 Nd5 38. Qa7 Re7 39. Qc5 Ree8 40. e6 1-0

[Event "*** Titled Tuesday 3|2 Blitz"]
[Site "Chess.com"]
[Date "2015.12.01"]
[Round "4"]
[White "darsen_sanzhaev"]
[Black "Saitama_Hero"]
[Result "0-1"]
[WhiteElo "2250"]
[BlackElo "2134"]
[TimeControl "180+2"]
[EndTime "11:50:24 PST"]
[Termination "Saitama_Hero won on time"]

1. d4 Nf6 2. c4 g6 3. Nc3 Bg7 4. e4 O-O 5. Nf3 d6 6. Be2 e5 7. O-O Nc6 8. d5 Ne7 9. b4 Nh5 10. Re1 f5 11. Ng5 Nf6 12. Bf3 h6 13. Ne6 Bxe6 14.
dxe6 c6 15. Bb2 fxe4 16. Nxe4 Nxe4 17. Rxe4 d5 18. cxd5 cxd5 19. Rxe5 Bxe5 20. Bxe5 Qb6 21. Bb2 Qxb4 22. Rb1 Qf4 23. Ba3 Qf6 24. Rxb7 Rfe8 25. h3 Rad8 26. Bb2 d4 27. Rd7 Nf5 28. Bd5 Kh8 29.
g4 Rxd7 30. exd7 Re5 31. gxf5 Rxd5 32. fxg6 Qxg6+ 33. Kf1 Qa6+ 34. Kg1 Rg5+ 35. Kh1 Qc6+ 36. f3 Qxd7 37. Bxd4+ Kh7 38. Qc2+ Rg6 0-1

[Event "*** Titled Tuesday 3|2 Blitz"]
[Site "Chess.com"]
[Date "2015.12.01"]
[Round "4"]
[White "AndrewMcStone"]
[Black "Makalexa"]
[Result "1-0"]
[WhiteElo "2009"]
[BlackElo "2041"]
[TimeControl "180+2"]
[EndTime "11:50:31 PST"]
[Termination "AndrewMcStone won by checkmate"]

1. d4 Nf6 2. c4 c5 3. d5 g6 4. Nc3 Bg7 5. e4 d6 6. f4 Nfd7 7. Nf3 a6 8. a4 Bxc3+ 9. bxc3 Nf8 10. Bd3 Bg4 11. O-O Bxf3 12. Qxf3 Nbd7 13. e5 f5 14. g4 dxe5 15. gxf5 Qc7 16. fxe5 Nxe5 17. Qg3 Nfd7 18. fxg6 O-O-O 19. g7 Nxd3 20. Qxc7+ Kxc7 21. gxh8=Q Rxh8 22. Bf4+ Nxf4 23. Rxf4 Rg8+ 24. Kf2 Ne5 25. Re4 Kd6 26. Rg1 Ng4+ 27. Rexg4 Rf8+ 28. Ke2 Rf7 29. Re4 Kd7 30. Re6 Rf4 31. Kd3 Rf3+ 32. Re3 Rf2 33. h3 Ra2 34. Rge1 Kc7 35. Rxe7+ Kb6 36.
Rxh7 Rxa4 37. Ree7 Ka5 38. Rxb7 Ra1 39. Rb2 Ka4 40. d6 a5 41. d7 Ka3 42. Rd2 a4 43. d8=Q Rc1 44. Qd6 Rxc3+ 45. Ke2 Rxc4 46. Qd3+ Kb4 47.
Rb2+ Ka5 48. Qxc4 a3 49. Qb5# 1-0

[Event "*** Titled Tuesday 3|2 Blitz"]
[Site "Chess.com"]
[Date "2015.12.01"]
[Round "4"]
[White "Blitzstream"]
[Black "AleksandrNevski"]
[Result "1/2-1/2"]
[WhiteElo "2401"]
[BlackElo "2353"]
[TimeControl "180+2"]
[EndTime "11:50:42 PST"]
[Termination "Game drawn by agreement"]

1. d4 Nf6 2. Bg5 e6 3. e4 h6 4. Bxf6 Qxf6 5. c3 d5 6. Bd3 c5 7. Ne2 Nc6 8. O-O Qd8 9. Nd2 cxd4 10. cxd4 dxe4 11. Nxe4 Be7 12. Rc1 O-O 13. Bb1 Re8 14. a3 Bf8 15. Qd3 g6 16. Rfd1 Bg7 17. Ba2 e5 18. d5 Nd4 19. Nxd4 exd4 20. Nd2 Bf5 21. Qb3 Qb6 22. Qxb6 axb6 23. Bc4 Red8 24. f3 h5 25. Kf2 d3 26. Rb1 Bd4+ 27. Kf1 b5 28. Bb3 Re8 29. Ne4 Bxe4 30. fxe4 Rxe4 31. Rxd3 Rf4+ 32. Rf3 Rxf3+ 33. gxf3 Re8 34. Bd1 Re5 35. Bb3 Re3 36. Bd1 Be5 37. Be2 Rb3 38. Rd1 Bd6 39. Bd3 Rxb2 40. h3 Rb3 41. Ke2 Kf8 42. Rb1 Rxb1 43. Bxb1 Bxa3 44. Bd3 b4 45. Bc4 Ke7 46. d6+ Kxd6 47. Bxf7 h4 48.
Bxg6 Bc1 49. Kd1 Bf4 50. Kc2 Kc5 51. Kb3 b5 52. Bf5 Bd6 53. Bc8 Kd4 54. Bg4 Ke3 55. Bh5 Kf4 56. Bg4 Kg3 57. Bc8 Kxf3 58. Bg4+ Kg3 59. Bc8 Kg2 60. Bg4 Kh2 61. Bc8 Kg3 62. Bg4 1/2-1/2

[Event "*** Titled Tuesday 3|2 Blitz"]
[Site "Chess.com"]
[Date "2015.12.01"]
[Round "4"]
[White "Tesla37"]
[Black "Aygehovit1992"]
[Result "1-0"]
[WhiteElo "2529"]
[BlackElo "2438"]
[TimeControl "180+2"]
[EndTime "11:50:46 PST"]
[Termination "Tesla37 won by resignation"]

1. e4 d6 2. d4 g6 3. Nc3 a6 4. g3 b5 5. Bg2 Bb7 6. a4 b4 7. Na2 a5 8. c4 Nd7 9. Ne2 Ngf6 10. d5 Nc5 11. f3 Bg7 12. O-O Ba6 13. b3 Nfxe4 14.
Rb1 Nf6 15. Nd4 Bb7 16. Bb2 O-O 17. Re1 Qd7 18. f4 Rae8 19. Nc1 e5 20. dxe6 fxe6 21. Bxb7 Nxb7 22. Nd3 Nd8 23. Qf3 c5 24. Nb5 Nc6 25. Rbd1 Nd4 26. Nxd4 cxd4 27. Bxd4 Nh5 28. Bf2 Qc7 29.
Re2 Bc3 30. Qe3 Ng7 31. Qb6 Qxb6 32. Bxb6 Nf5 33. Nf2 Ra8 34. Ne4 Ra6 35. Bf2 Rc6 36. Rd3 Bg7 37. Kg2 e5 38. fxe5 Bxe5 39. Ng5 h5 40.
Rd5 Ra6 41. Ne6 Rf7 42. h3 Ra8 43. c5 Rc8 44. cxd6 Bxd6 45. Rxa5 Bb8 46. Ra8 Rd7 47. a5 Rd3 48. a6 Nxg3 49. a7 Nxe2 50. Rxb8 Nf4+ 51.
Nxf4 1-0

[Event "*** Titled Tuesday 3|2 Blitz"]
[Site "Chess.com"]
[Date "2015.12.01"]
[Round "4"]
[White "BIG_Pirate"]
[Black "oskariot"]
[Result "1-0"]
[WhiteElo "2278"]
[BlackElo "2242"]
[TimeControl "180+2"]
[EndTime "11:50:53 PST"]
[Termination "BIG_Pirate won by resignation"]

1. Nf3 c5 2. c4 g6 3. Nc3 Bg7 4. g3 Nc6 5. Bg2 e6 6. O-O Nge7 7. d4 cxd4 8. Nb5 d5 9. cxd5 Nxd5 10. Nbxd4 Nxd4 11. Nxd4 O-O 12. e4 Nb6 13. Nb5 Bd7 14. Qe2 Bc6 15. Bf4 e5 16. Rfd1 Qe7 17. Be3 Rfd8 18. Nxa7 Rxa7 19. Bxb6 Rxd1+ 20. Qxd1 Ra8 21. a3 h5 22. Qe2 h4 23. Rd1 Qe6 24. gxh4 Ba4 25. Be3 Bxd1 26. Qxd1 Bf6 27. h5 Rd8 28. Qe2 Qd6 29. Bf3 g5 30. Kg2 Kg7 31. Bg4 Qc6 32. Qf3 Rd3 33. Bf5 Qd6 34. Qg4 Rxe3 35. fxe3 Qd2+ 36.
Kh3 Qxe3+ 37. Qg3 Qc1 38. Qf2 Qd1 39. Bg4 Qb1 40. Qe2 Qc1 41. Kg2 Qf4 42. Bf5 Be7 43.
Qf3 Qd2+ 44. Qf2 Qxf2+ 45. Kxf2 Bc5+ 46. Ke2 Bd4 47. b3 Bb2 48. a4 Kh6 49. Bg4 Ba3 50. Kd3 Be7 51. Kc4 Bf8 52. Kb5 f5 53. exf5 e4 54.
Kb6 Kg7 55. Kxb7 Kf6 56. a5 Ke5 57. a6 Bc5 58. a7 Kf4 1-0

[Event "*** Titled Tuesday 3|2 Blitz"]
[Site "Chess.com"]
[Date "2015.12.01"]
[Round "4"]
[White "THORK"]
[Black "ruifeng"]
[Result "0-1"]
[WhiteElo "2193"]
[BlackElo "2183"]
[TimeControl "180+2"]
[EndTime "11:50:56 PST"]
[Termination "ruifeng won by resignation"]

1. f4 d5 2. Nf3 Bf5 3. d3 e6 4.
Nc3 h6 5. Bd2 Nf6 6. h3 Bc5 7.
g4 Bh7 8. Bg2 Nc6 9. e3 d4 10.
exd4 Nxd4 11. a3 O-O 12. Ne5 Nd7 13. Nf3 Nxf3+ 14. Qxf3 Qh4+ 15. Ke2 Qe7 16. Raf1 Nb6 17. Kd1 Rad8 18. f5 Bd4 19. Qxb7 exf5 20. gxf5 Nc4 21. dxc4 Bxc3 22. bxc3 Qxa3 23. Be4 Qxc3 24. Bd3 Qa1+ 25. Bc1 Rfe8 26. Qb2 Qa4 27. Qc3 Rd7 28. Rhg1 f6 29. Rf3 Kh8 30. h4 Qc6 31. Rgf1 Red8 32. Bd2 Qa4 33.
h5 Bxf5 34. Ke2 Bg4 35. Rf2 Qc6 36. Be3 Re7 37. Bg6 Bxf3+ 38. Rxf3 Qd6 39. Qd3 Qh2+ 40. Rf2 Rxd3 41. Rxh2 Rdxe3+ 42. Kd2 R3e6 43. Kc3 Rd6 44. Rh1 Kg8 45. Rb1 Rb6 46. Ra1 a6 47. Ra5 Kf8 48.
Rc5 Rd7 49. Bf5 Re7 50. Bg6 Rd6 51. Ra5 Re5 52. Ra1 Ke7 53. Kb4 Rb6+ 54. Kc3 a5 55. Kd4 Rd6+ 56. Kc3 f5 57. Rb1 Kf6 58. Rb7 Rc6 59. Ra7 Rec5 60. Kd3 Rxc4 61. Rxa5 R4c5 62. Ra2 Rd6+ 63. Ke3 Re5+ 64. Kf3 Rc6 65. Kf4 Rc4+ 66. Kf3 Kg5 67. Kf2 Rec5 68. Kf3 Rc3+ 69. Ke2 Rxc2+ 70. Rxc2 Rxc2+ 71. Kd3 Rh2 0-1

[Event "*** Titled Tuesday 3|2 Blitz"]
[Site "Chess.com"]
[Date "2015.12.01"]
[Round "4"]
[White "Anton_Demchenko"]
[Black "kpio91"]
[Result "1/2-1/2"]
[WhiteElo "2658"]
[BlackElo "2545"]
[TimeControl "180+2"]
[EndTime "11:51:05 PST"]
[Termination "Game drawn by agreement"]

1. e4 e6 2. d4 d5 3. Nd2 h6 4. c3 Nf6 5. e5 Nfd7 6. f4 c5 7. Ndf3 Nc6 8. Bd3 Rb8 9. Ne2 b5 10. O-O g6 11. g4 h5 12. f5 hxg4 13. fxe6 gxf3 14. exd7+ Bxd7 15. Rxf3 Qh4 16. Bf4 Bg4 17. Rf2 cxd4 18. e6 Rb7 19. Bg3 Qh5 20. exf7+ Rxf7 21. Bxb5 Bd7 22. Rxf7 Kxf7 23. Bxc6 Bxc6 24. Nxd4 Bd7 25. Qxh5 Rxh5 26. Rf1+ Ke8 27. Re1+ Kf7 28. Nf3 Bf5 29. Bf4 a5 30. Kg2 Be4 31. Kg3 Be7 32.
Re2 Bf6 33. Rf2 Ke6 34. Be3 a4 35. a3 Rh7 36. Bd4 Bd8 37. Be3 Rb7 38. Ng5+ Bxg5 39. Bxg5 Rf7 40. Rxf7 Kxf7 41. Kf4 Ke6 42. h4 Bd3 43. Bd8 Bc4 44. Kg5 Kf7 45. Bb6 Bb3 46. Bd4 Bc4 47. Kf4 Bb3 48. Ke5 Bc4 49. Kd6 Bb3 50. Kc5 Bc4 51. Be3 Bb3 52. Kb4 Kf6 53. Bg5+ Kf7 54. Kc5 Ke6 55. Kd4 Bc4 56. Bc1 Bb3 57.
Bg5 Kf5 58. Ke3 Ke5 59. Bf4+ 1/2-1/2

[Event "*** Titled Tuesday 3|2 Blitz"]
[Site "Chess.com"]
[Date "2015.12.01"]
[Round "4"]
[White "LyonBeast"]
[Black "Konavets"]
[Result "1-0"]
[WhiteElo "2722"]
[BlackElo "2547"]
[TimeControl "180+2"]
[EndTime "11:51:07 PST"]
[Termination "LyonBeast won by resignation"]

1. c4 Nf6 2. Nc3 c5 3. g3 g6 4.
Bg2 Bg7 5. Nf3 O-O 6. d4 cxd4 7.
Nxd4 Qc7 8. b3 d5 9. Ndb5 Qa5 10. Bd2 dxc4 11. bxc4 Qd8 12. O-O Nc6 13. Nd5 Nxd5 14. cxd5 Ne5 15. Rc1 Bd7 16. Na3 Qb6 17. Qb3 Qa6 18.
f4 Ng4 19. Bf3 Bd4+ 20. Kg2 Rac8 21. Rxc8 Rxc8 22. Rb1 Bf5 23. Re1 Ne3+ 24. Bxe3 Rc3 25.
Qb4 Rxe3 26. Qxd4 Qxa3 27. g4 Bd7 28. Rb1 b6 29. Rb2 Qc3 30. Qxc3 Rxc3 31. g5 f6 32. h4 Rc4 33. Kg3 Kf8 34. e4 Rc3 35. Rb3 Rxb3 36. axb3 a5 37. Kf2 b5 38. Ke3 a4 39. bxa4 bxa4 40.
Kd4 a3 41. Kc3 Ba4 42. gxf6 exf6 43. e5 fxe5 44. fxe5 Ke7 45. Bg4 h5 46. d6+ Kd8 47.
Bh3 Bd1 48. Be6 Bg4 49. Bf7 Kd7 50. Kb4 Bf5 51. Kxa3 Kc6 52. Kb4 Bd3 53. Kc3 Bf5 54. Kd4 Bg4 55. Be8+ Kb6 56. Bxg6 Kb7 57. Kd5 1-0

[Event "*** Titled Tuesday 3|2 Blitz"]
[Site "Chess.com"]
[Date "2015.12.01"]
[Round "4"]
[White "ChessWarrior7197"]
[Black "jcibarra"]
[Result "1-0"]
[WhiteElo "2459"]
[BlackElo "2497"]
[TimeControl "180+2"]
[EndTime "11:51:07 PST"]
[Termination "ChessWarrior7197 won by resignation"]

1. e4 c5 2. Nf3 e6 3. d4 cxd4 4. Nxd4 Bc5 5. Nb3 Bb6 6. Bd3 Ne7 7. Qe2 O-O 8. O-O f5 9. Be3 f4 10. Bxb6 axb6 11. f3 Nbc6 12. N1d2 Ng6 13. Rfd1 Rf6 14. Nc4 Nh4 15. e5 Rh6 16. Kf1 Qg5 17. Nxb6 Rb8 18. Re1 Rh5 19. Qf2 Nxe5 20. Rad1 Nxd3 21. Rxd3 Nf5 22. Qg1 Ne3+ 23. Rexe3 fxe3 24. Qxe3 Qxe3 25. Rxe3 Rb5 26. Nc4 d5 27. Ne5 Rb6 28. Rc3 Rd6 29. Rc7 b6 30. Nd4 Ba6+ 31. Kf2 h6 32. Re7 Ra8 33.
Nxe6 Rxe6 34. Rxe6 Rb8 35. Nd7 Rc8 36. c3 d4 37. cxd4 Rc2+ 38. Kg3 Rxb2 39. Rxb6 Rxa2 40. Kf4 Bf1 41. g4 Rxh2 42. Ne5 Rd2 43. Ke3 Rd1 44.
Rb8+ Kh7 45. f4 Bg2 46. f5 Bd5 47. Ng6 Bg8 48. Rd8 Rg1 49. Kf4 Rf1+ 50. Ke5 Re1+ 51. Kd6 Re4 52. d5 Rxg4 53. Ke5 Rg1 54. d6 Re1+ 55. Kd4 Rd1+ 56. Kc5 Rd5+ 57. Kc6 Rxf5 58. Ne7 Rf1 59. Rxg8 h5 60. d7 Rd1 61. d8=Q Rxd8 62. Rxd8 Kh6 63. Nf5+ Kg5 64. Nxg7 h4 65. Ne6+ Kf5 66. Rh8 Kg4 67. Kd5 h3 68. Nf4 Kxf4 69.
Rxh3 1-0

[Event "*** Titled Tuesday 3|2 Blitz"]
[Site "Chess.com"]
[Date "2015.12.01"]
[Round "4"]
[White "petrpalachev"]
[Black "chessloveyou"]
[Result "1-0"]
[WhiteElo "2321"]
[BlackElo "2147"]
[TimeControl "180+2"]
[EndTime "11:51:17 PST"]
[Termination "petrpalachev won by resignation"]

1. d4 Nf6 2. c4 e6 3. Nf3 Bb4+ 4. Nbd2 O-O 5. a3 Be7 6. e4 d5 7. e5 Ne8 8. c5 a5 9. Rb1 a4 10. Bb5 Bd7 11. Qe2 Bxb5 12. Qxb5 b6 13. cxb6 c6 14.
Qd3 Qxb6 15. O-O c5 16. dxc5 Qxc5 17. Re1 Nc6 18. Nf1 Na5 19. Bg5 h6 20. Be3 Qc4 21.
Qd1 Nb3 22. N1d2 Nxd2 23. Qxd2 g5 24. Rbc1 Qb5 25. Nd4 Qb7 26. h4 gxh4 27. Bxh6 Ng7 28. Qf4 Kh7 29. Bg5 Bxg5 30. Qxg5 Rh8 31. Qxh4+ Kg8 32.
Qg4 Qxb2 33. Rc7 Qd2 34. Rec1 Rf8 35. Nxe6 Qh6 36. Qxg7+ Qxg7 37. Nxg7 Kxg7 38. Rd7 Rd8 39. Rcc7 d4 40. e6 Kf6 41. e7 Rxd7 42. Rxd7 d3 43.
Rxd3 Kxe7 44. Rd4 Ra8 45. f4 Ke6 46. Kf2 Kf5 47. Kf3 Rb8 48. g4+ Ke6 49. Rxa4 Rb3+ 50. Ke4 Rb1 51. Ra6+ Ke7 52. g5 Re1+ 53. Kf5 Ra1 54.
Ra7+ Ke8 55. Kf6 Rf1 56. f5 Rf3 57. Ra8+ Kd7 58. Ra7+ Ke8 59. Rxf7 Rxa3 60. Rb7 Ra8 61. Kg7 Rd8 62. f6 Rd7+ 63. Rxd7 1-0

[Event "*** Titled Tuesday 3|2 Blitz"]
[Site "Chess.com"]
[Date "2015.12.01"]
[Round "4"]
[White "NguyenDucHoa"]
[Black "JustaTrickstar"]
[Result "1-0"]
[WhiteElo "2365"]
[BlackElo "2484"]
[TimeControl "180+2"]
[EndTime "11:51:18 PST"]
[Termination "NguyenDucHoa won by resignation"]

1. e4 c5 2. Nf3 Nc6 3. d4 cxd4 4. Nxd4 Nf6 5. Nc3 d6 6. Bg5 e6 7. Qd2 a6 8. O-O-O Qb6 9. Nb3 Be7 10. f4 Qc7 11. g4 h6 12. Bxf6 gxf6 13. Kb1 b5 14.
Nd4 Bb7 15. a3 Nxd4 16. Qxd4 Qc5 17. Qd3 O-O-O 18. Bg2 h5 19. h3 Qf2 20. Bf3 hxg4 21.
hxg4 Rxh1 22. Rxh1 Bf8 23. Rh7 Rd7 24. Rh8 Rd8 25. f5 Qc5 26. Rh7 Rd7 27. Ne2 d5 28. fxe6 fxe6 29. Rxd7 Kxd7 30. exd5 Bxd5 31. Bxd5 Qxd5 32.
Qh7+ Kc6 33. Nc3 Qf3 34. Qf7 Qf1+ 35. Ka2 Qc4+ 36. Ka1 Bxa3 37. Qxf6 Bb4 38. g5 Bxc3 39. bxc3 b4 40. cxb4 Kb5 41. c3 Ka4 42. Qd4 Qf1+ 43. Kb2 Qe2+ 44. Kc1 Ka3 45. Qd2 Qf1+ 46. Kc2 Qf5+ 47.
Kd1 Qf1+ 48. Kc2 Qf5+ 49. Kc1 Qf1+ 50. Kc2 Qf5+ 51. Kd1 Qf1+ 52. Qe1 Qd3+ 53. Qd2 Qf1+ 54. Kc2 Qf5+ 55. Qd3 Qxg5 56. Qxa6+ 1-0

[Event "*** Titled Tuesday 3|2 Blitz"]
[Site "Chess.com"]
[Date "2015.12.01"]
[Round "4"]
[White "1stSecond"]
[Black "Boryboy"]
[Result "1-0"]
[WhiteElo "2412"]
[BlackElo "2514"]
[TimeControl "180+2"]
[EndTime "11:51:26 PST"]
[Termination "1stSecond won by checkmate"]

1. d4 e6 2. c4 Nf6 3. Nc3 d5 4.
cxd5 exd5 5. Bg5 c6 6. e3 Bf5 7. Qf3 Bg6 8. Bxf6 gxf6 9. h4 Qb6 10. O-O-O Qa5 11. h5 Ba3 12. Nge2 Qb4 13. bxa3 Qxa3+ 14. Kd2 Qb2+ 15. Ke1 Bc2 16. Qxf6 Rg8 17. Qd6 Bxd1 18.
Nxd1 Qxa2 19. Nec3 Qa5 20. Bd3 Rxg2 21. Bxh7 Qd8 22.
Qxd8+ Kxd8 23. Bg6 Ke7 24. Kf1 Rg5 25. f4 Rg4 26. h6 Nd7 27. h7 Rh8 28. Bf5 Rg7 29. e4 Nf6 30. e5 Nxh7 31. Ne3 a5 32. Ke2 b5 33. Rh6 a4 34. Rxc6 Rb8 35. Nexd5+ Kf8 36.
Nxb5 Rg2+ 37. Kf3 Rh2 38. Ndc3 Kg7 39. Ra6 Nf8 40. Rxa4 Ne6 41. Bxe6 fxe6 42. Ra7+ Kg6 43. Re7 Rb6 44. Nd6 Rh3+ 45. Kg4 Rxc3 46. Rxe6+ Kh7 47. Re7+ Kg8 48. f5 Rd3 49. Kg5 Rxd4 50. Re8+ Kh7 51. f6 Rb1 52. f7 Rg1+ 53. Kf6 Rf1+ 54.
Ke7 Rd5 55. e6 Re5 56. f8=Q Rxf8 57. Rxf8 Kg6 58. Rg8+ Kh7 59. Rg3 Re1 60. Kf6 Rf1+ 61. Nf5 Re1 62. e7 Kh8 63. Rh3+ Kg8 64. Nh6+ Kh7 65. Nf7+ Kg8 66. Rh8# 1-0

[Event "*** Titled Tuesday 3|2 Blitz"]
[Site "Chess.com"]
[Date "2015.12.01"]
[Round "4"]
[White "ChadaevNikolay"]
[Black "Zvonokchess"]
[Result "1/2-1/2"]
[WhiteElo "2557"]
[BlackElo "2542"]
[TimeControl "180+2"]
[EndTime "11:51:41 PST"]
[Termination "Game drawn by agreement"]

1. d4 Nf6 2. c4 c6 3. Nc3 d5 4.
Nf3 dxc4 5. a4 Bg4 6. e3 e6 7. Bxc4 Nbd7 8. O-O Bd6 9. h3 Bh5 10. Be2 O-O 11. b3 e5 12. Bb2 Qe7 13. Re1 Rad8 14.
a5 a6 15. Nh4 Bg6 16. Nxg6 hxg6 17. Qc2 Rfe8 18. dxe5 Nxe5 19. Red1 Bc7 20. Ba3 Rxd1+ 21. Qxd1 Qe6 22. Bb4 Ned7 23. Na4 Qe5 24. g3 Ne4 25. Be1 Ndf6 26. Rc1 Nxg3 27. fxg3 Qxe3+ 28. Kf1 Ne4 29. Bf3 Nxg3+ 30. Bxg3 Bxg3 31. Rc2 Bc7 32. Qe2 Bxa5 33. Nc5 Bb6 34. b4 a5 35. Qxe3 Rxe3 36. Kg2 axb4 37.
Nxb7 Rc3 38. Rxc3 bxc3 39. Be4 f5 40. Bc2 Kf7 41. Nd6+ Kf6 42. Nc4 Bc5 43. Kf3 g5 44. Ke2 g6 45. Kd3 g4 46. hxg4 fxg4 47. Kxc3 g3 48. Be4 Kg5 49. Bg2 Kf4 50. Kd3 g5 51. Ke2 Bd4 52. Bxc6 g4 53. Bg2 Bg7 54. Nd2 Bd4 55.
Nb3 Bb6 56. Kd3 Ba7 57. Nc1 Bf2 58. Ne2+ Ke5 59. Kc4 Be1 60. Nc1 Kf4 61. Kd3 Bf2 62. Ne2+ Ke5 63. Nc3 Be1 64. Nd1 Kf4 65. Bb7 Bf2 66. Nc3 Ke5 67. Kc4 Kf4 68. Kd3 Ke5 69. Ne2 Be1 1/2-1/2

[Event "*** Titled Tuesday 3|2 Blitz"]
[Site "Chess.com"]
[Date "2015.12.01"]
[Round "4"]
[White "bugsbunny444"]
[Black "lukas_111111"]
[Result "1-0"]
[WhiteElo "2344"]
[BlackElo "2211"]
[TimeControl "180+2"]
[EndTime "11:51:46 PST"]
[Termination "bugsbunny444 won by resignation"]

1. Nf3 Nf6 2. c4 e6 3. g3 b6 4.
Bg2 Bb7 5. O-O Be7 6. b3 O-O 7. Bb2 c5 8. Nc3 d6 9. e3 Nbd7 10. d4 a6 11. d5 exd5 12. Nh4 g6 13. Nxd5 Nxd5 14. Bxd5 Bxd5 15. Qxd5 Nf6 16. Qf3 Ra7 17. Rad1 Rd7 18. Ng2 Qa8 19. Qxa8 Rxa8 20. Nf4 b5 21. f3 bxc4 22. bxc4 Rb8 23. Bc3 Rbd8 24. Rf2 Rb8 25. Rfd2 Ne8 26. Nd5 Bd8 27. e4 Rdb7 28. Ne3 Rb1 29.
Rxb1 Rxb1+ 30. Kg2 Rc1 31. Bb2 Rb1 32. Bc3 Rc1 33. Bb2 Rb1 34. e5 Ba5 35. exd6 Nxd6 36. Rc2 Re1 37. Ng4 Bd8 38. Kf2 Re6 39. Ne3 h5 40.
Ba3 Bb6 41. Nd5 Ba5 42. Bxc5 Be1+ 43. Kg2 Nf5 44. Bf2 Bxf2 45. Kxf2 Nd4 46. Rd2 Nc6 47. Re2 Rd6 48. Ne7+ Nxe7 49. Rxe7 Rc6 50. Re4 Kf8 51.
Ke3 Rc5 52. Kd4 Ra5 53. Re2 Rf5 54. f4 Rf6 55. Kd5 Rf5+ 56. Kd6 Rf6+ 57. Kd7 Rf5 58. Re8+ Kg7 59. Re5 Rf6 60. c5 1-0

[Event "*** Titled Tuesday 3|2 Blitz"]
[Site "Chess.com"]
[Date "2015.12.01"]
[Round "4"]
[White "MITerryble"]
[Black "DeviatkinAndrey"]
[Result "0-1"]
[WhiteElo "2600"]
[BlackElo "2508"]
[TimeControl "180+2"]
[EndTime "11:51:51 PST"]
[Termination "DeviatkinAndrey won by resignation"]

1. d4 d5 2. Nf3 Nf6 3. c4 c6 4. Nc3 dxc4 5. a4 Bf5 6. Ne5 e6 7. f3 Bb4 8. Nxc4 O-O 9. e4 Nxe4 10. fxe4 Qh4+ 11. Kd2 Qxe4 12. Qf3 Qxd4+ 13. Ke1 Rd8 14. Be2 Na6 15. Bg5 f6 16. Rd1 Qc5 17. Be3 Qe7 18. Kf2 Nc5 19. Rhe1 Bxc3 20. bxc3 Ne4+ 21. Kg1 Nxc3 22. Rxd8+ Rxd8 23. Bf1 Nxa4 24. Bxa7 b5 25. Qxf5 Qxa7+ 26. Qf2 Qxf2+ 27. Kxf2 bxc4 28. Bxc4 Nc5 29. Ra1 Kf7 30. Ra7+ Rd7 31. Ra5 Ne4+ 32. Ke3 Nc3 33. Ra6 Nd5+ 34. Ke4 Ne7 35. Ra2 h5 36. g3 g5 37. Re2 c5 38. Kf3 Rd6 39. Rb2 Nc6 40. Ke3 Nd4 41. Rb7+ Kg6 42. Rc7 Rc6 43.
Rd7 f5 44. Rd8 Rb6 45. Rc8 Rc6 46. Rd8 Kf6 47. Rh8 Rb6 48. Rxh5 Rb4 49. Kd3 Ra4 50.
Rh8 Ra3+ 51. Kd2 Ke5 52. Rh6 g4 53. Kd1 Rc3 54. Ba2 Rf3 55. Bc4 Rf2 56. Ke1 Rxh2 57. Rg6 Rg2 58. Kf1 Rxg3 59. Kf2 Rf3+ 60. Ke1 Rc3 61. Ba6 Kf4 62. Kd2 Ra3 63. Bc4 e5 64. Rg8 e4 0-1

[Event "*** Titled Tuesday 3|2 Blitz"]
[Site "Chess.com"]
[Date "2015.12.01"]
[Round "4"]
[White "LuckyTiger"]
[Black "motivated_bishop"]
[Result "1-0"]
[WhiteElo "2497"]
[BlackElo "2258"]
[TimeControl "180+2"]
[EndTime "11:51:57 PST"]
[Termination "LuckyTiger won by resignation"]

1. e4 e5 2. Nf3 Nc6 3. Bb5 a6 4. Ba4 Nf6 5. d3 b5 6. Bb3 Be7 7. a4 Bb7 8. O-O d6 9. Nc3 b4 10. Ne2 Na5 11. Ba2 c5 12. c3 O-O 13. Ng3 Rb8 14. cxb4 cxb4 15. Bd2 d5 16. Nxe5 dxe4 17. dxe4 Nxe4 18. Nxe4 Bxe4 19. Qe2 Bd5 20. Bxd5 Qxd5 21. Rad1 Qe6 22. Rfe1 Bf6 23. Bf4 Rfe8 24. Qf1 Qf5 25. Nd3 Rxe1 26. Qxe1 Rd8 27. Bc7 Rc8 28. Bxa5 Qxa5 29.
Qxb4 Qxb4 30. Nxb4 a5 31. Nd5 Rb8 32. Nxf6+ gxf6 33.
g3 Rxb2 34. Rd5 Ra2 35. Rxa5 Kg7 36. Kg2 Kg6 37. h4 h5 38. Kf3 Ra3+ 39. Kf4 Ra2 40. Ke3 Ra3+ 41. Ke4 Ra2 42. f4 Ra3 43. Ra8 f5+ 44. Ke5 Re3+ 45. Kd5 Kf6 46. a5 Rxg3 47.
Rc8 Ra3 48. Rc6+ Ke7 49. a6 Ra5+ 50. Kc4 Kd7 51. Rh6 Ke7 52. Kb4 Ra1 53. Kb5 f6 54. Kb6 Rb1+ 55. Kc7 Rc1+ 56. Kb7 Rb1+ 57. Ka8 Ra1 58.
a7 Ke6 59. Rxh5 Ra4 60. Rh7 Kd5 61. Kb8 Ke4 62. a8=Q+ Rxa8+ 63. Kxa8 Kxf4 64. Rg7 Ke3 65. h5 f4 66. h6 f3 67. Rg3 Ke2 68. h7 f2 69. Rg2 1-0